 Dungeon Crawl Stone Soup version bcrawl-1.19.1 (webtiles) character file.

Game seed: 13679183163382761197

22208 Niddhogr the Thaumaturge (level 12, -4/83 HPs)
             Began as a Demonspawn Venom Mage on Dec 3, 2019.
             Was an Initiate of Gozag.
             Slain by a white ugly thing (29 damage)
             ... on level 10 of the Dungeon.
             The game lasted 01:01:26 (14110 turns).

Niddhogr the Thaumaturge (Demonspawn Venom Mage)   Turns: 14110, Time: 01:01:26

Health: -4/83      AC: 17    Str: 13    XL:     12   Next: 61%
Magic:  15/28      EV: 16    Int: 21    God:    Gozag
Gold:   1394       SH:  0    Dex: 18    Spells: 12/35 levels left

rFire    + . .     SeeInvis .   k - +4 halberd (elec)
rCold    . . .     Gourm    .   (shield currently unavailable)
rNeg     . . .     Faith    .   g - +5 ring mail "Decaid" {rF+ Str+3}
rPois    .         Spirit   .   (helmet restricted)
rElec    .         Reflect  .   a - +0 cloak
rCorr    .         Harm     .   y - +1 pair of gloves
MR       .....                  G - +0 pair of boots
Stlth    +++++.....             J - amulet of rage
HPRegen  0.23/turn              w - ring of flight (curse)
MPRegen  0.21/turn              W - ring of wizardry {Wiz+}

@: agile, gold aura
A: antennae 2, yellow scales 2, nightstalker 2, powered by pain 3
a: Potion Petition, Call Merchant, Bribe Branch, Renounce Religion, Evoke
Berserk Rage, Evoke Flight


You were on level 10 of the Dungeon.
You worshipped Gozag.
Gozag was most pleased with you.
You were not hungry.

You visited 2 branches of the dungeon, and saw 11 of its levels.
You also visited: Bailey.

You collected 3026 gold pieces.
You spent 1577 gold pieces at shops.
You paid 55 gold pieces to Gozag.

Inventory:

Hand Weapons
 k - a +4 halberd of electrocution (weapon)
 X - a +0 trident
Missiles
 j - 79 poisoned needles
 Q - 1526 arrows
 R - 1484 tomahawks (quivered)
Armour
 a - a +0 cloak (worn)
 g - the +5 ring mail "Decaid" (worn) {rF+ Str+3}
   (You took it off a kobold on level 10 of the Dungeon)

   It affects your strength (+3).
   It protects you from fire.
 y - a +1 pair of gloves (worn)
 G - a +0 pair of boots (worn)
Jewellery
 w - a cursed ring of flight (left hand)
 J - an amulet of rage (around neck)
 W - a ring of wizardry (right hand) {Wiz+}
Wands
 d - a wand of disintegration (2)
 i - a wand of flame (12)
 v - a wand of enslavement (8)
 D - a wand of digging (13)
 F - a wand of paralysis (1)
 S - a wand of polymorph (7)
 T - a wand of acid (6)
 Z - a wand of iceblast (7)
Scrolls
 b - 2 scrolls of amnesia
 e - 5 scrolls of fear
 l - 7 scrolls of enchant armour
 m - 11 scrolls of remove curse
 o - 4 scrolls of enchant weapon
 p - a scroll of magic mapping {!r}
 u - 8 scrolls of teleportation
 H - a scroll of silence
 K - a scroll of immolation {!r}
 U - a scroll of blinking {unknown}
Potions
 c - a potion of berserk rage {!q}
 h - a potion of flight
 n - a potion of brilliance
 q - a potion of cancellation
 r - 5 potions of haste
 s - 2 potions of heal wounds
 t - a potion of agility
 z - 8 potions of curing
 A - a potion of lignification {!q}
 B - 2 potions of ambrosia
 C - a potion of invisibility
 E - 10 potions of mutation {!q}
 O - 3 potions of might {unknown}
 P - 2 potions of magic {unknown}
Miscellaneous
 N - a fan of gales
 Y - a box of beasts
Comestibles
 f - 10 rations {!d}


   Skills:
 - Level 4.1 Fighting
 - Level 10.0 Polearms
 - Level 1.7 Dodging
 + Level 2.5 Stealth
 - Level 12.0 Spellcasting
   Level 1.0 Conjurations
 - Level 6.0 Hexes
 * Level 6.9 Earth Magic
 - Level 6.1 Poison Magic


You had 12 spell levels left.
You knew the following spells:

 Your Spells              Type           Power        Failure   Level  Hunger
a - Olgreb's Toxic Radia  Pois           #####...     4%          4    None
b - Poisonous Vapours     Pois/Air       ####..       1%          2    None
c - Confuse               Hex            #####...     1%          3    None
d - Summon Scorpions      Summ/Pois      ####....     13%         4    None
e - Tukima's Dance        Hex            #####...     1%          3    None
w - Passwall              Tmut/Erth      ####....     1%          2    None
z - Lee's Rapid Deconstr  Erth           #####.....   8%          5    ####...

Your spell library contained the following spells:

 Spells                   Type           Power        Failure   Level  Hunger
 Corona                   Hex            #####..      1%          1    None
 Sandblast                Erth           #####.       1%          1    None
 Sting                    Conj/Pois      ####         1%          1    None
 Ensorcelled Hibernation  Hex/Ice        ####..       1%          2    None
 Stone Arrow              Conj/Erth      ####..       2%          3    None
 Dazzling Spray           Conj/Hex       ####..       3%          3    None
 Pain                     Necr           ##....       4%          1    None
 Ignite Poison            Fire/Tmut/Pois ###.....     6%          3    None
 Petrify                  Tmut/Erth      ####....     12%         4    None
 Yara's Violent Unravell  Hex/Tmut       ####......   13%         4    None
 Venom Bolt               Conj/Pois      ####......   28%         5    ####...
 Metabolic Englaciation   Hex/Ice        ####......   34%         5    ####...
 Mana Rupture             Conj/Hex       ####......   100%        7    #######


Dungeon Overview and Level Annotations

Branches:
Dungeon (10/12)            Temple (1/1) D:7            Lair (0/6) D:8
    Orc (0/1) D:8

Altars:
Ashenzari
Cheibriados
Dithmenos
Elyvilon
Fedhas
Gozag
Hepliaklqana
Kikubaaqudgha
Lugonu
Makhleb
Nemelex Xobeh
Okawaru
Qazlal
Ru
Sif Muna
Trog
Uskayaw
Vehumet
Wu Jian
Xom
Yredelemnul
Zin
The Shining One

Shops:
D:5 !!   D:6 =   D:7 :?:%

Annotations:
D:5 exclusion: oklob plant
D:7 3 runed translucent doors, yrara's ghost, novice DsFi
D:8 exclusion: 2 doors


Innate Abilities, Weirdness & Mutations

You have a pair of antennae on your head.
You are mostly covered in yellow scales. (AC +3)
You are significantly more attuned to the shadows.
You are powered by pain.


Message History

You hit the white ugly thing.
The white ugly thing stings you but does no damage.
You puncture the white ugly thing! You barely miss the white ugly thing.
You hit the white ugly thing.
Lightning courses through the white ugly thing!
The white ugly thing stings you. The white ugly thing freezes you!!
* * * LOW HITPOINT WARNING * * *
You focus on the pain.
You feel agile all of a sudden.
You take 30 damage, and have 29/83 hp.
MASSIVE DAMAGE!!
Unknown command.
You hit the white ugly thing. The white ugly thing barely misses you.
Unknown command.
You barely miss the white ugly thing. The white ugly thing stings you.
* * * LOW HITPOINT WARNING * * *
The white ugly thing freezes you!!
You die...
Your body crumbles into a pile of gold.

#..#.....#.....#.....(#.
#).#.....#.....#......#)
#..####################.
#..|..................).
#................)......
#..####################.
#..#.....#..{..# {#.
#..#.....#.....# { #.
#..#..#@u#..#..# #.
#..#..#.$#..#..# {{{#.
#.....#.... #.
#.....#.....# {{{#.
############# #. #. ##


You could see a white ugly thing (confused).

Levels and vault maps discovered:
D:1:      psy_arrival_radial01, layout_loops_ring, minmay_cut_off
D:2:      layout_rooms, grunt_gozag_breadcrumbs, chequers_serial_rivers_micro_e
D:3:      layout_loops_ring, nicolae_overflow_hidden_temple, minivault_11
D:4:      layout_basic, marbit_many_paths, first_ration, serial_glass,
          glass_columns_c, glass_columns_a
D:5:      layout_basic, grunt_dithmenos_smoke, serial_shops,
          nicolae_shop_crystal, shop_fountains, tgw_fedhas, uniq_menkaure
D:6:      layout_basic, overflow_temple_1_default, serial_shops, shop
D:7:      layout_layer_cave, grunt_temple_overflow_magic_moments,
          old_standard_altar, kennysheep_mini, minmay_temple_entry_grid,
          serial_shops, nicolae_shop_trees, kennysheep_mini_moat, shop,
          shop_scrolls, gammafunk_ghost_necromancy, okawaru_trees_1
D:8:      layout_cave_pods, overflow_temple_1_default,
          nicolae_overflow_crystal_walls, lair_entry_dummy,
          minmay_orc_entry_guard_dogs, enter_bailey_2, hangedman_ranch
          [blue_anna_fruit_fields]
D:9:      layout_cave_pools, zin_scriptorium, overflow_temple_1_default
D:10:     kennysheep_windowed_halls, layout_basic
Temple:   nicolae_temple_figure_zero

Notes
Turn   | Place    | Note
-------+----------+-------------------------------------------
     0 | D:1      | Niddhogr the Demonspawn Venom Mage began the quest for the
                  | Orb.
     0 | D:1      | Reached XP level 1. HP: 13/13 MP: 3/3
   191 | D:1      | Identified a +0 mace (You found it on level 1 of the
                  | Dungeon)
   261 | D:1      | Identified a +2 spear of flaming (You found it on level 1
                  | of the Dungeon)
   291 | D:1      | Identified a +0 club
   333 | D:1      | Gained mutation: You are partially covered in yellow
                  | scales. (AC +2) [demonic ancestry]
   333 | D:1      | Reached XP level 2. HP: 19/19 MP: 5/5
   337 | D:1      | Learned a level 2 spell: Poisonous Vapours
   627 | D:1      | Identified a +2 spear of piercing (You found it on level 1
                  | of the Dungeon)
   890 | D:2      | Found an opulent altar of Gozag.
   911 | D:2      | Became a worshipper of Gozag Ym Sagoz the Greedy
  1425 | D:3      | Reached skill level 4 in Poison Magic
  1425 | D:3      | Gained mutation: You sometimes gain a little power by
                  | taking damage. [demonic ancestry]
  1425 | D:3      | Reached XP level 3. HP: 10/24 MP: 1/6
  1599 | D:3      | Identified a +0 short sword
  1602 | D:3      | Identified a +0 hand axe
  1617 | D:3      | Reached skill level 1 in Polearms
  1669 | D:3      | Identified a +0 short sword
  1696 | D:3      | Identified a +0 flail
  1711 | D:3      | Gained mutation: You sometimes gain power by taking damage.
                  | [demonic ancestry]
  1711 | D:3      | Reached XP level 4. HP: 30/30 MP: 4/7
  1714 | D:3      | Identified 6 scrolls of remove curse
  1715 | D:3      | Identified 3 scrolls of amnesia
  1917 | D:3      | Identified a +0 short sword
  2259 | D:3      | Reached skill level 5 in Poison Magic
  2283 | D:3      | Learned a level 4 spell: Olgreb's Toxic Radiance
  2293 | D:3      | Identified a +1 flail of protection
  2294 | D:3      | Identified a +0 flail
  2298 | D:3      | Reached skill level 2 in Polearms
  2310 | D:3      | Gained mutation: You are powered by pain. [demonic
                  | ancestry]
  2310 | D:3      | Reached XP level 5. HP: 17/35 MP: 5/8
  2320 | D:3      | Identified 3 scrolls of identify
  2320 | D:3      | Identified 2 scrolls of enchant armour
  2639 | D:3      | Found a bloodstained altar of Trog.
  2739 | D:4      | Noticed a phantom
  2787 | D:4      | Identified a +0 giant club
  2787 | D:4      | Noticed an ogre
  3046 | D:4      | Killed an ogre
  3046 | D:4      | Gained mutation: You have a pair of small antennae on your
                  | head. [demonic ancestry]
  3046 | D:4      | Reached XP level 6. HP: 41/41 MP: 5/9
  3149 | D:4      | Identified a ring of flight (You found it on level 4 of the
                  | Dungeon)
  3302 | D:4      | Reached skill level 6 in Poison Magic
  3317 | D:4      | Identified a +0 dagger
  3317 | D:4      | Identified a cursed +0 robe
  3518 | D:4      | Found a hazy altar of Hepliaklqana.
  3625 | D:4      | Identified a +0 dagger
  3625 | D:4      | Identified a +0 scale mail
  3630 | D:4      | Reached skill level 3 in Polearms
  3631 | D:4      | Identified a +0 dagger
  3631 | D:4      | Identified a +0 robe of magic resistance
  3674 | D:4      | Identified 2 scrolls of enchant weapon
  3675 | D:4      | Identified a potion of agility
  3911 | D:5      | Entered Level 5 of the Dungeon
  3938 | D:5      | Identified a +0 cloak (You found it on level 5 of the
                  | Dungeon)
  3938 | D:5      | Identified a +0 shortbow
  3953 | D:5      | Reached skill level 3 in Spellcasting
  4054 | D:5      | Identified a +1 pair of gloves (You found it on level 5 of
                  | the Dungeon)
  4058 | D:5      | Found a shadowy altar of Dithmenos.
  4073 | D:5      | Learned a level 3 spell: Confuse
  4079 | D:5      | Identified a +0 club
  4082 | D:5      | Noticed a troll
  4093 | D:5      | Killed a troll
  4093 | D:5      | Reached skill level 4 in Spellcasting
  4093 | D:5      | Gained mutation: You are slightly more attuned to the
                  | shadows. [demonic ancestry]
  4093 | D:5      | Reached XP level 7. HP: 46/46 MP: 6/13
  4277 | D:5      | Found Nioshuguori's Distillery.
  4281 | D:5      | Bought a potion of curing for 36 gold pieces
  4281 | D:5      | Bought a potion of lignification for 36 gold pieces
  4281 | D:5      | Bought a potion of ambrosia for 96 gold pieces
  4281 | D:5      | Bought a potion of heal wounds for 60 gold pieces
  4281 | D:5      | Bought a potion of invisibility for 96 gold pieces
  4281 | D:5      | Bought a potion of heal wounds for 60 gold pieces
  4281 | D:5      | Bought a potion of haste for 120 gold pieces
  4284 | D:5      | Identified a +0 giant club
  4363 | D:5      | Noticed Menkaure
  4370 | D:5      | Killed Menkaure
  4370 | D:5      | Reached skill level 5 in Spellcasting
  4475 | D:5      | Identified a +0 flail
  4475 | D:5      | Identified a +0 leather armour
  4578 | D:5      | Noticed a troll
  4833 | D:5      | Found a blossoming altar of Fedhas.
  4862 | D:5      | Noticed an oklob plant
  4902 | D:5      | Found Muozoaxa's Distillery.
  4913 | D:5      | Reached skill level 4 in Polearms
  5045 | D:5      | Killed a troll
  5045 | D:5      | Reached skill level 6 in Spellcasting
  5045 | D:5      | Gained mutation: You are mostly covered in yellow scales.
                  | (AC +3) [demonic ancestry]
  5045 | D:5      | Reached XP level 8. HP: 52/52 MP: 10/17
  5275 | D:4      | Reached skill level 1 in Hexes
  5385 | D:6      | Identified a +0 whip
  5385 | D:6      | Identified a +0 whip
  5386 | D:6      | Identified a +0 halberd
  5388 | D:6      | Identified a +0 shortbow
  5451 | D:6      | Reached skill level 2 in Hexes
  5560 | D:6      | Found a corrupted altar of Lugonu.
  5589 | D:6      | Identified a +0 club
  5591 | D:6      | Identified a +0 short sword
  5595 | D:6      | Identified a cursed -2 whip
  5606 | D:6      | Identified a +0 short sword
  5612 | D:6      | Reached skill level 3 in Hexes
  5616 | D:6      | Identified a +0 blowgun
  5622 | D:6      | Identified a +0 whip
  5684 | D:6      | Identified a +0 pair of boots (You found it on level 6 of
                  | the Dungeon)
  5718 | D:6      | Reached skill level 5 in Polearms
  5813 | D:6      | Identified a +0 giant club
  5835 | D:6      | HP: 9/52 [bullfrog (5)]
  5841 | D:6      | HP: 5/52 [bullfrog (9)]
  5843 | D:6      | Reached skill level 4 in Hexes
  6214 | D:6      | Found Bugh's Jewellery Shoppe.
  6327 | D:6      | Identified 2 scrolls of magic mapping
  6328 | D:6      | Identified 2 scrolls of fear
  6329 | D:6      | Identified a potion of brilliance
  6713 | D:7      | Reached skill level 5 in Hexes
  6764 | D:7      | Gained mutation: You have a pair of antennae on your head.
                  | [demonic ancestry]
  6764 | D:7      | Reached XP level 9. HP: 55/57 MP: 18/18
  6853 | D:7      | Found a glowing golden altar of the Shining One.
  6899 | D:7      | Found Utogh's Food Shoppe.
  6906 | D:7      | Bought a ration for 70 gold pieces
  6906 | D:7      | Bought a ration for 70 gold pieces
  6906 | D:7      | Bought a ration for 70 gold pieces
  6926 | D:7      | Noticed a troll
  6947 | D:7      | Killed a troll
  7014 | D:7      | Identified a +0 scimitar of freezing
  7014 | D:7      | Identified a +0 plate armour
  7015 | D:7      | Found an iron altar of Okawaru.
  7016 | D:7      | Identified a +0 dagger
  7016 | D:7      | Identified a +0 robe
  7045 | D:7      | Reached skill level 6 in Hexes
  7051 | D:7      | Reached skill level 6 in Polearms
  7340 | D:7      | Found a burning altar of Makhleb.
  7382 | D:7      | Learned a level 4 spell: Summon Scorpions
  7429 | D:7      | Reached skill level 1 in Fighting
  7469 | D:7      | Identified a ring of wizardry (You found it on level 7 of
                  | the Dungeon)
  7548 | D:7      | Identified a +0 shortbow
  7702 | D:7      | Found a runed translucent gate.
  7702 | D:7      | Found a runed translucent gate.
  7704 | D:7      | Found a runed translucent gate.
  7706 | D:7      | Noticed yrara's ghost (novice DsFi)
  7760 | D:7      | Identified an amulet of rage (You found it on level 7 of
                  | the Dungeon)
  7835 | D:7      | Reached skill level 2 in Fighting
  7913 | D:7      | Found Waesuur's Magic Scroll Emporium.
  7915 | D:7      | Identified a +0 dagger
  7918 | D:7      | Identified a +0 dagger
  7920 | D:7      | Identified a +0 dagger
  7921 | D:7      | Found a staircase to the Ecumenical Temple.
  7922 | D:7      | Identified a cursed +0 flail
  7940 | D:7      | Bought a scroll of identify for 26 gold pieces
  7940 | D:7      | Bought a scroll of teleportation for 39 gold pieces
  7940 | D:7      | Bought a scroll of identify for 26 gold pieces
  7940 | D:7      | Identified a potion of cancellation
  7941 | D:7      | Identified a potion of flight
  7942 | D:7      | Bought a scroll of identify for 26 gold pieces
  7942 | D:7      | Bought a scroll of identify for 26 gold pieces
  7942 | D:7      | Identified 3 potions of mutation
  7943 | D:7      | Identified a scroll of immolation
  8065 | Temple   | Entered the Ecumenical Temple
  8170 | D:7      | Found Loatiufo's Book Emporium.
  8173 | D:7      | Bought a book of Maledictions for 300 gold pieces
  8177 | D:7      | Learned a level 3 spell: Tukima's Dance
  8189 | D:7      | Found Sanoagro's Book Shoppe.
  8203 | D:7      | Identified a +0 giant spiked club
  8358 | D:7      | Identified a +0 dagger
  8358 | D:7      | Identified a +0 robe
  8359 | D:7      | Identified a +0 ring mail
  8359 | D:7      | Identified a +0 mace
  8360 | D:7      | Identified a +0 falchion
  8360 | D:7      | Identified a +0 leather armour
  8364 | D:7      | Reached skill level 3 in Fighting
  8407 | D:7      | Identified a +0 short sword
  8428 | D:7      | Reached skill level 7 in Polearms
  8453 | D:7      | Found a radiant altar of Vehumet.
  8454 | D:7      | Found an ancient bone altar of Kikubaaqudgha.
  8457 | D:7      | Found a shimmering blue altar of Sif Muna.
  8460 | D:7      | Identified Kikubaaqudgha's Disquisition on Stolen Souls
  8728 | D:8      | Found a shattered altar of Ashenzari.
  8730 | D:8      | Identified a +0 war axe
  8741 | D:8      | Identified a cursed -1 dagger
  8741 | D:8      | Identified a +0 robe
  8743 | D:8      | Identified a +0 battleaxe
  8743 | D:8      | Identified a +0 chain mail
  8748 | D:8      | Reached skill level 4 in Fighting
  8754 | D:8      | Identified a +0 falchion
  8819 | D:8      | Found a flagged portal.
  8892 | Bailey   | Entered a bailey
  8947 | Bailey   | Identified a +0 halberd
  8947 | Bailey   | Identified a +1 halberd of electrocution
  8962 | Bailey   | Identified a +0 halberd of electrocution
  8968 | Bailey   | Identified a +4 halberd of electrocution
  8971 | Bailey   | Identified a +1 halberd of electrocution
  9022 | Bailey   | Identified a +1 halberd of electrocution
  9069 | Bailey   | Identified a +2 halberd of electrocution
  9083 | Bailey   | Identified a +0 halberd
  9083 | Bailey   | Identified a +0 halberd
  9158 | Bailey   | Identified a +0 halberd of electrocution
  9160 | Bailey   | Identified a +0 halberd of electrocution
  9160 | Bailey   | Identified a +0 halberd
  9161 | Bailey   | Identified a +0 hand axe
  9161 | Bailey   | Identified a +0 chain mail
  9163 | Bailey   | Identified a +0 halberd of electrocution
  9278 | D:8      | Identified a scroll of silence
  9371 | D:8      | Reached skill level 7 in Spellcasting
  9371 | D:8      | Gained mutation: You are significantly more attuned to the
                  | shadows. [demonic ancestry]
  9371 | D:8      | Reached XP level 10. HP: 62/71 MP: 20/20
  9472 | D:8      | Found a staircase to the Lair.
  9486 | D:8      | Identified a +0 giant club
  9613 | D:8      | Identified a +0 giant spiked club
  9613 | D:8      | Identified a +0 giant spiked club
  9613 | D:8      | Noticed a two-headed ogre
  9649 | D:8      | Killed a two-headed ogre
 10017 | D:8      | Identified a +0 short sword
 10033 | D:8      | Reached skill level 8 in Polearms
 10041 | D:8      | Reached skill level 8 in Spellcasting
 10315 | D:8      | Found a staircase to the Orcish Mines.
 10360 | D:8      | Found a stormy altar of Qazlal.
 10668 | D:9      | Identified a +0 giant spiked club
 10668 | D:9      | Identified a +0 short sword
 10679 | D:9      | Identified a +0 flail
 10679 | D:9      | Identified a +0 leather armour
 10682 | D:9      | Identified a +0 club
 10682 | D:9      | Identified a +0 scale mail
 10685 | D:9      | Identified a +0 dagger
 10685 | D:9      | Identified a +0 ring mail
 10689 | D:9      | Reached skill level 9 in Spellcasting
 10706 | D:8      | HP: 17/71 [poisoned by a killer bee]
 10711 | D:8      | HP: 15/71 [poisoned by a killer bee]
 10716 | D:8      | HP: 14/71 [poisoned by a killer bee]
 10723 | D:8      | HP: 14/71 [poisoned by a killer bee]
 10731 | D:8      | HP: 13/71 [poisoned by a killer bee]
 11134 | D:9      | Found a basalt altar of Yredelemnul.
 11172 | D:9      | Identified a +0 dagger
 11176 | D:9      | Identified a +0 falchion
 11177 | D:9      | Identified a +0 broad axe
 11177 | D:9      | Identified a +0 leather armour
 11343 | D:9      | Identified a +0 trident
 11343 | D:9      | Identified a +0 leather armour
 11449 | D:9      | Identified a +0 club
 11449 | D:9      | Identified a cursed +0 chain mail
 11451 | D:9      | Identified a +0 dagger
 11451 | D:9      | Identified a +0 robe
 11453 | D:9      | Identified a +0 club
 11516 | D:9      | Identified a +0 trident
 11516 | D:9      | Identified a +0 chain mail
 11516 | D:9      | Identified a +0 club
 11516 | D:9      | Identified a +0 leather armour
 11517 | D:9      | Identified a +0 flail
 11519 | D:9      | Identified a +0 whip
 11519 | D:9      | Identified a +0 ring mail
 11519 | D:9      | Identified a +0 flail
 11519 | D:9      | Identified a +0 chain mail
 11523 | D:9      | Identified a +0 club
 11523 | D:9      | Identified a +0 scale mail
 11671 | D:9      | Found a glowing silver altar of Zin.
 11854 | D:7      | Bought a book of Geomancy for 420 gold pieces
 11860 | D:7      | Learned a level 5 spell: Lee's Rapid Deconstruction
 11912 | D:9      | Learned a level 2 spell: Passwall
 11984 | D:10     | Entered Level 10 of the Dungeon
 12070 | D:10     | Identified a +0 short sword
 12071 | D:10     | Identified a +0 club
 12071 | D:10     | Identified a +0 club
 12075 | D:10     | Identified a +0 quarterstaff
 12076 | D:10     | Reached skill level 1 in Earth Magic
 12276 | D:10     | Identified a +0 blowgun
 12278 | D:10     | Identified a +0 dagger
 12283 | D:10     | Identified a +3 whip
 12283 | D:10     | Identified a +0 dagger
 12283 | D:10     | Identified a +0 short sword
 12327 | D:10     | Identified a potion of experience
 12328 | D:10     | Reached skill level 12 in Spellcasting
 12328 | D:10     | Reached XP level 11. HP: 77/77 MP: 23/27
 12354 | D:10     | Identified a +1 morningstar of venom
 12359 | D:10     | Reached skill level 9 in Polearms
 12614 | D:10     | Reached skill level 2 in Earth Magic
 12614 | D:10     | Reached XP level 12. HP: 83/83 MP: 23/28
 12668 | D:10     | Reached skill level 3 in Earth Magic
 12850 | D:10     | Reached skill level 4 in Earth Magic
 13043 | D:10     | Identified a +0 giant club
 13175 | D:10     | Identified a +0 short sword
 13181 | D:10     | Identified a +2 short sword of flaming
 13182 | D:10     | Identified a cursed -2 whip
 13183 | D:10     | Identified a +0 whip
 13183 | D:10     | Identified a +0 blowgun
 13183 | D:10     | Identified a +0 dagger
 13183 | D:10     | Identified the +5 ring mail "Decaid" {rF+ Str+3}
 13183 | D:10     | Identified a +0 dagger
 13183 | D:10     | Identified a +1 vampiric dagger
 13186 | D:10     | Identified a +0 short sword
 13333 | D:10     | Identified a cursed -1 giant club
 13333 | D:10     | Identified a +0 dire flail
 13333 | D:10     | Noticed a two-headed ogre
 13340 | D:10     | Killed a two-headed ogre
 13455 | D:10     | Identified a +0 longbow
 13455 | D:10     | Noticed a centaur warrior
 13465 | D:10     | Killed a centaur warrior
 13465 | D:10     | Reached skill level 5 in Earth Magic
 13581 | D:10     | Identified a +0 robe
 13581 | D:10     | Noticed an ogre mage
 13596 | D:10     | Killed an ogre mage
 13624 | D:10     | Identified a +0 dire flail
 13624 | D:10     | Identified a +0 shortbow
 13624 | D:10     | Identified a +0 plate armour
 13714 | D:10     | Reached skill level 6 in Earth Magic
 14002 | D:10     | Reached skill level 10 in Polearms
 14081 | D:10     | Identified a +0 giant spiked club
 14081 | D:10     | Identified a +0 giant club
 14081 | D:10     | Noticed a two-headed ogre
 14092 | D:10     | Killed a two-headed ogre
 14092 | D:10     | Identified a +0 long sword
 14092 | D:10     | Identified a +0 chain mail
 14110 | D:10     | Slain by a white ugly thing

Table legend:
 A = Turns spent in this place as a percentage of turns spent in the entire game.
 B = Non-inter-level travel turns spent in this place as a percentage of non-inter-level travel turns spent in the entire game.
 C = Inter-level travel turns spent in this place as a percentage of turns spent in this place.
 D = Turns resting spent in this place as a percentage of non-inter-level travel turns spent in this place.
 E = Turns spent auto-exploring this place as a percentage of non-inter-level travel turns spent in this place.
 F = Non-inter-level travel turns spent in this place divided by the number of levels of this place that you've seen.
                   A       B       C       D       E      F
               +-------+-------+-------+-------+-------+----------------------
         Total | 100.0 | 100.0 |   4.3 |   8.0 |  68.9 | 1125.8
       Dungeon |  97.2 |  97.1 |   4.4 |   8.3 |  70.5 | 1311.3
        Temple |   0.5 |   0.5 |   0.0 |   0.0 |   0.0 |  70.0
        Bailey |   2.3 |   2.4 |   0.0 |   0.0 |  23.2 | 327.0
               +-------+-------+-------+-------+-------+----------------------

Table legend:
 A = Kills in this place as a percentage of kills in entire the game.
 B = Kills by you in this place as a percentage of kills by you in the entire game.
 C = Kills by friends in this place as a percentage of kills by friends in the entire game.
 D = Other kills in this place as a percentage of other kills in the entire game.
 E = Experience gained in this place as a percentage of experience gained in the entire game.
 F = Experience gained in this place divided by the number of levels of this place that you have seen.
                   A       B       C       D       E      F
               +-------+-------+-------+-------+-------+----------------------
         Total | 100.0 | 100.0 | 100.0 |   N/A | 100.0 | 1760.2
       Dungeon |  88.3 |  88.2 | 100.0 |   N/A |  98.3 | 2076.6
        Bailey |  11.7 |  11.8 |   0.0 |   N/A |   1.7 | 356.0
               +-------+-------+-------+-------+-------+----------------------

Skill      XL: |  1  2  3  4  5  6  7  8  9 10 11 12 |
---------------+-------------------------------------+-----
Poison Magic   | 4 5 6 |  6.1
Polearms       | 1 2 3 4 5 7 8 9 10 | 10.0
Spellcasting   | 4 6 7 12 | 12.0
Hexes          | 5 6 |  6.0
Fighting       | 4 |  4.1
Earth Magic    | 1 2 6 |  6.9
Dodging        | |  1.7
Stealth        | |  2.5
Conjurations   | |  1.0

Action                   |  1- 3 |  4- 6 |  7- 9 | 10-12 || total
-------------------------+-------+-------+-------+-------++-------
Melee: Spear             |    56 |   122 |   356 |       ||   534
       Mace              |     4 |       |       |       ||     4
       Halberd           |       |       |    64 |   328 ||   392
 Cast: Sting             |    15 |       |       |       ||    15
       Poisonous Vapours |     1 |    19 |    36 |    19 ||    75
       Confuse           |       |       |    10 |    21 ||    31
       Olgreb's Toxic Ra |       |       |     9 |    12 ||    21
       Tukima's Dance    |       |       |       |    10 ||    10
       Summon Scorpions  |       |       |       |     4 ||     4
       Passwall          |       |       |       |     1 ||     1
Evoke: Wand              |       |     3 |     2 |    12 ||    17
  Use: Scroll            |       |     5 |     9 |     1 ||    15
       Potion            |       |       |     3 |     3 ||     6
 Stab: Sleeping          |     4 |     5 |     6 |     6 ||    21
       Distracted        |     1 |       |     4 |     4 ||     9
       Paralysed         |       |     5 |     3 |       ||     8
       Confused          |       |       |     4 |     9 ||    13
  Eat: Ration            |     1 |     2 |     6 |     5 ||    14
Armor: Robe              |    17 |    19 |    79 |    64 ||   179
       Ring mail         |       |       |       |    26 ||    26
Dodge: Dodged            |    31 |    49 |   192 |   140 ||   412

Vanquished Creatures
  An ogre mage (D:10)
  A centaur warrior (D:10)
  2 two-headed ogres
  An orc knight (D:10)
  A manticore (D:10)
  A gargoyle (D:10)
  5 trolls
  2 dream sheep (D:8)
  2 hippogriffs
  A vampire (D:10)
  A wyvern (D:10)
  14 yaks
  2 hungry ghosts (D:9)
  A steam dragon (D:7)
  2 wargs (D:8)
  Menkaure (D:5)
  A soldier ant (D:10)
  An acid dragon (shapeshifter) (D:10)
  2 hornet zombies
  4 orc warriors
  3 phantoms
  2 sky beasts
  7 ogres
  A necrophage (D:8)
  3 centaurs
  6 bullfrogs
  6 big kobolds
  2 scorpions
  2 water moccasin skeletons
  9 killer bees
  3 howler monkeys
  A bullfrog zombie (D:7)
  2 crimson imps (D:9)
  4 centaur zombies
  2 quasits
  8 orc priests
  2 hounds (D:7)
  A jelly (D:7)
  3 centaur skeletons
  3 iguanas
  6 orc wizards
  6 worker ants
  A worker ant zombie (D:8)
  20 gnolls
  8 adders
  A shadow imp (D:7)
  An ooze (D:3)
  5 worms
  2 dart slugs (D:1)
  3 leopard geckos
  30 orcs
  4 bats
  2 giant cockroaches
  A goblin (D:1)
  10 hobgoblins
  16 jackals
  41 kobolds
  A quokka (D:5)
  A ball python (D:1)
  A ball python skeleton (D:3)
  2 frilled lizards (D:3)
  A jackal zombie (D:7)
  8 rats
287 creatures vanquished.

Vanquished Creatures (collateral kills)
  A two-headed ogre (D:10)
  A troll (D:9)
  A killer bee (D:9)
  An orc priest (D:9)
4 creatures vanquished.

Vanquished Creatures (others)
  2 dancing weapons (D:10)
2 creatures vanquished.

Grand Total: 293 creatures vanquished
